 Dungeon Crawl Stone Soup version 0.16-a0-2710-g8b41a68 (webtiles) character file.

350 HAL9000 the Sneak (level 6, -1/30 HPs)
             Began as a Vine Stalker Assassin on Nov 26, 2014.
             Slain by an orc
             ... wielding a +0 mace
              (5 damage)
             ... on level 4 of the Dungeon.
             The game lasted 00:06:40 (1928 turns).

HAL9000 the Sneak (Vine Stalker Assassin)           Turns: 1928, Time: 00:06:40

Health: -1/30      AC:  4    Str: 13    XL:     6   Next: 61%
Magic:  0/8        EV: 11    Int: 12    God:
Gold:   134        SH:  0    Dex: 17    Spells: 0 memorised, 5 levels left

rFire  + . .     SeeInvis .     a - +3 dagger
rCold  . . .     Clarity  .     i - +0 robe
rNeg   . . .     SustAb   .     (no shield)
rPois  .         Gourm    .     l - +0 helmet
rElec  .         Spirit   +     d - +0 cloak
rCorr  .         Warding  .     (no gloves)
rMut   .         Stasis   .     (no boots)
MR     .....                    (no amulet)
Stlth  +++.......               (no ring)
                                k - ring of protection from fire

@: about to teleport, not resistant to hostile enchantments, fairly stealthy
A: fangs 2, regeneration 2, magic shield, antimagic bite, no device heal 3, rot
immunity
a: no special abilities


You were on level 4 of the Dungeon.
You were not hungry.

You visited 1 branch of the dungeon, and saw 4 of its levels.

You collected 134 gold pieces.


Innate Abilities, Weirdness & Mutations

You have extremely sharp teeth.
You heal very quickly.
When hurt, damage is shared between your health and your magic reserves.
Your bite disrupts and absorbs the magic of your enemies.
Potions and wands cannot restore your health.
You are immune to rotting.


   Skills:
 + Level 1.9 Fighting
 * Level 5.5 Short Blades
 - Level 1.7 Throwing
 - Level 0.7 Dodging
 - Level 6.2 Stealth


You had 5 spell levels left.
You didn't know any spells.

Dungeon Overview and Level Annotations

Branches:
Dungeon (4/15)
 Temple: D:4-7

Altars:
Elyvilon
Fedhas
Gozag
Kikubaaqudgha
Nemelex Xobeh
Qazlal

Inventory:

Hand weapons
 a - a +3 dagger (weapon)
 b - a +0 blowgun
Missiles
 e - 8 poisoned needles
 m - a curare-tipped needle
Armour
 d - a +0 cloak (worn)
 i - a +0 robe (worn)
   (You found it on level 1 of the Dungeon)
 l - a +0 helmet (worn)
   (You took it off Robin on level 2 of the Dungeon)
Jewellery
 k - a ring of protection from fire (left hand)
   (You found it on level 2 of the Dungeon)
Magical devices
 r - a wand of random effects (5)
   (You found it on level 3 of the Dungeon)
Scrolls
 c - a scroll of fog
 f - a scroll of random uselessness
 n - 5 scrolls of remove curse {unknown}
 p - a scroll of identify {unknown}
 s - a scroll of enchant armour {unknown}
Comestibles
 g - a bread ration
 h - a beef jerky
 q - a chunk of flesh

{@*1} #..##.#...##.#
###.#.....%#
...#...##.......# .
# #.##.######.###
###.#.##....%......#
............)..###.#
###.#.##¤##.#..##
#...¤oo##.....#
###.##@####...# #
#o# #...# go¤.......
#.######...# ..
#...# #.. #...# #..
..... ... ..... #
...


You could see an orc wizard, 3 orcs and a hobgoblin.


Message History

Zapping:
r - a wand of random effects {zapped: 4} (will waste charges)
Aim: an orc wizard, wielding a dagger and wearing a robe (moderately wounded)
The rock shatters into small pieces.
Evoking this partially-identified wand wasted a few charges.
The orc wizard closely misses you. The orc completely misses you.
The orc hits you but does no damage.
Evoke which item? (* to show all) (? for menu, Esc to quit)
Zapping:
r - a wand of random effects {zapped: 6} (will waste charges)
Aim: an orc wizard, wielding a dagger and wearing a robe (moderately wounded)
The orc wizard resists with some effort.
Evoking this partially-identified wand wasted a few charges.
The orc wizard hits you but does no damage.
The orc barely misses you.
You closely miss the orc wizard.
You bite the orc wizard, but do no damage.
The orc wizard is moderately wounded.
The orc hits you but does no damage. The orc wizard closely misses you.
Evoke which item? (* to show all) (? for menu, Esc to quit)
Zapping:
r - a wand of random effects {zapped: 8} (will waste charges)
Aim: an orc wizard, wielding a dagger and wearing a robe (moderately wounded)
The bolt of cold misses the orc wizard.
Evoking this partially-identified wand wasted a few charges.
The orc closely misses you.
The orc wizard hits you but does no damage.
The orc misses you.
Evoke which item? (* to show all) (? for menu, Esc to quit)
Zapping:
r - a wand of random effects {zapped: 10} (will waste charges)
Aim: an orc wizard, wielding a dagger and wearing a robe (moderately wounded)
The magic dart hits the orc wizard.
The orc wizard is moderately wounded.
Evoking this partially-identified wand wasted a few charges.
The orc hits you with a hand axe of freezing.
* * * LOW HITPOINT WARNING * * *
The orc freezes you.
* * * LOW HITPOINT WARNING * * *
The orc wizard barely misses you. The orc hits you but does no damage.
You aren't carrying any potions.
Unknown command.
Read which item? (? for menu, Esc to quit)
As you read the scroll labeled PSIMEH PREOSS, it crumbles to dust.
The scroll dissolves into smoke.
It was a scroll of fog.
The orc hits you with a hand axe of freezing.
* * * LOW HITPOINT WARNING * * *
The orc freezes you.
* * * LOW HITPOINT WARNING * * *
The orc wizard hits you with a dagger.
* * * LOW HITPOINT WARNING * * *
Read which item? (? for menu, Esc to quit)
As you read the scroll labeled GHAOHI BLURCH, it crumbles to dust.
The scroll reassembles itself in your hands!
It is a scroll of random uselessness.
The orc barely misses you. The orc barely misses you.
The orc wizard hits you but does no damage.
Read which item? (? for menu, Esc to quit)
As you read the scroll labeled URRUNN AMUT, it crumbles to dust.
You feel strangely unstable.
It was a scroll of teleportation.
The orc closely misses you. The orc wizard closely misses you.
The orc hits you with a hand axe of freezing.
* * * LOW HITPOINT WARNING * * *
The orc freezes you.
Read which item? (? for menu, Esc to quit)
Okay, then.
You aren't carrying any potions.
Unknown command.
Read which item? (? for menu, Esc to quit)
As you read the scroll labeled DEFACA PARI, it crumbles to dust.
It is a scroll of enchant weapon.
Enchant which weapon? (? for menu, Esc to quit)
Your +2 dagger glows red for a moment.
The orc hits you with a mace.
You die...

Action                   |  1- 3 |  4- 6 || total
-------------------------+-------+-------++-------
Melee: Dagger            |    76 |    77 ||   153
 Fire: Blowgun           |     2 |     1 ||     3
Evoke: Wand              |       |     6 ||     6
  Use: Potion            |     2 |       ||     2
       Scroll            |       |     4 ||     4
 Stab: Sleeping          |     3 |     7 ||    10
       Paralysed         |       |     2 ||     2
  Eat: Chunk             |       |     3 ||     3

Vault maps used:
D:1:      sevenhm_arrival_forest_fort_small_2
D:2:      lemuel_crystal_altar, grunt_temple_overflow_forces_of_nature,
          nrook_uturn, uniq_robin
D:3:      elyvilon_altar_1, grunt_temple_overflow_opulence, uniq_grinder,
          uniq_iyjb
D:4:      cheibriados_altar_1, kennysheep_little_box, first_bread, st_stairs_7

Notes
Turn   | Place    | Note
--------------------------------------------------------------
     0 | D:1      | HAL9000, the Vine Stalker Assassin, began the quest for the Orb.
     0 | D:1      | Reached XP level 1. HP: 11/11 MP: 1/1
   166 | D:1      | Reached XP level 2. HP: 15/15 MP: 3/3
   454 | D:2      | Found a stormy altar of Qazlal.
   457 | D:2      | Found a blossoming altar of Fedhas.
   574 | D:2      | Noticed Robin
   671 | D:2      | Reached XP level 3. HP: 15/18 MP: 2/4
   683 | D:2      | Killed Robin
  1003 | D:2      | Reached XP level 4. HP: 6/23 MP: 2/5
  1129 | D:2      | Found an ancient bone altar of Kikubaaqudgha.
  1439 | D:3      | Found a white marble altar of Elyvilon.
  1494 | D:3      | Noticed Ijyb
  1516 | D:3      | Killed Ijyb
  1516 | D:3      | Reached skill level 5 in Stealth
  1744 | D:3      | Noticed Grinder
  1756 | D:3      | Found a sparkling altar of Nemelex Xobeh.
  1757 | D:3      | Found an opulent altar of Gozag.
  1769 | D:3      | Killed Grinder
  1769 | D:3      | Reached skill level 5 in Short Blades
  1769 | D:3      | Reached skill level 6 in Stealth
  1769 | D:3      | Reached XP level 5. HP: 26/26 MP: 7/7
  1769 | D:3      | Gained mutation: You heal very quickly. [vine stalker growth]
  1769 | D:3      | Reached XP level 6. HP: 30/30 MP: 8/8
  1925 | D:4      | HP: 7/30 [orc/hand axe of freezing (1)]
  1927 | D:4      | HP: 3/30 [orc/hand axe of freezing (4)]
  1928 | D:4      | Slain by an orc

Vanquished Creatures
  Grinder (D:3)
  A hound (D:4)
  A worker ant (D:4)
  Ijyb (D:3)
  Robin (D:2)
  2 adders (D:2)
  A worm (D:3)
  7 bats
  A giant cockroach (D:3)
  8 goblins
  8 hobgoblins
  5 jackals (D:3)
  5 giant newts
  4 kobolds
  8 rats
54 creatures vanquished.
